 Dungeon Crawl Stone Soup version 0.32-a0-818-gb728d0252e (webtiles) character file.

Game seed: 14980491154640504592

86 AstroCodex24 the Shield-Bearer (level 4, -1/35 HPs)
             Began as a Vampire Fighter on Mar 23, 2024.
             Slain by a gnoll bouda
             ... wielding a +0 club
              (7 damage)
             ... on level 4 of the Dungeon.
             The game lasted 00:04:15 (790 turns).

AstroCodex24 the Shield-Bearer (Vampire Fighter)     Turns: 790, Time: 00:04:16

Health: -1/35      AC:  6    Str: 15 (17) XL:     4   Next: 27%
Magic:  4/4        EV:  7    Int:  7 (10) God:
Gold:   87         SH:  6    Dex: 10 (13) Spells: 3/3 levels left

rFire   . . .        a - +0 war axe
rCold   . . .        p - +2 buckler
rNeg    . . .        b - +0 scale mail
rPois   .            (no helmet)
rElec   .            (no cloak)
rCorr   .            (no gloves)
SInv    +            (no boots)
Will    .....        (no amulet) Stlth
                     (no ring)
HPRegen 0.45/turn    (no ring)
MPRegen 0.09/turn

%: no passive effects
@: brilliant, healing quickly
A: alive, fangs 3, see invisible, vampiric 2
a: Exsanguinate


You were on level 4 of the Dungeon.
You visited 1 branch of the dungeon, and saw 4 of its levels.

You collected 87 gold pieces.

Inventory:

Hand Weapons
 a - a +0 war axe (weapon)
Armour
 b - a +0 scale mail (worn)
 p - a +2 buckler (worn)
Jewellery
 c - an amulet of guardian spirit
 n - an amulet of faith
Scrolls
 h - 2 scrolls of identify {unknown}
 i - a scroll of immolation {unknown}
 j - a scroll of enchant armour {unknown}
 l - a scroll of teleportation {unknown}
Potions
 d - a potion of might
 e - a potion of haste {unknown}
 f - a potion of brilliance
 g - a potion of mutation {unknown}
 k - a potion of attraction {unknown}
 o - a potion of heal wounds {unknown}


   Skills:
 + Level 3.1 Fighting
 + Level 2.7 Axes
 + Level 2.9 Armour
 + Level 0.4 Dodging
 + Level 3.2 Shields


You had 3 spell levels left.
You didn't know any spells.
Your spell library was empty.

Dungeon Overview and Level Annotations

Branches:
Dungeon (4/15)             Temple (0/1) D:4

Altars:
Gozag
Uskayaw


Innate Abilities, Weirdness & Mutations

Your natural rate of healing is accelerated.
You have razor-sharp teeth.
You have supernaturally acute eyesight. (SInv)
You are afflicted with vampirism and can become a bat while bloodless.


Message History

You kill the gnoll!
You slash the gnoll! Your bite misses the gnoll.
The gnoll is severely wounded.
The gnoll hits you but does no damage. The gnoll hits you with a +0 flail!
You closely miss the gnoll.
The gnoll is severely wounded.
The gnoll bouda calls upon its god to heal the gnoll.
The gnoll is healed somewhat.
The gnoll hits you but does no damage.
You hit the gnoll. You bite the gnoll, but do no damage.
The gnoll is severely wounded.
The gnoll closely misses you.
The gnoll bouda calls upon its god to heal the gnoll.
The gnoll is healed somewhat.
The gnoll hits you with a +0 flail.
You hit the gnoll but do no damage.
The gnoll is moderately wounded.
The gnoll is no longer moving quickly.
The gnoll hits you with a +0 flail.
* * * LOW HITPOINT WARNING * * *
The gnoll bouda gazes fiercely through you!
You feel as though you will be weak longer.
You hit the gnoll. You bite the gnoll.
The gnoll is severely wounded.
The gnoll hits you with a +0 flail!
* * * LOW HITPOINT WARNING * * *
The gnoll bouda barks out a call to the hunt!
The gnoll picks up the pace!
You block the gnoll's attack.
You hit the gnoll. You bite the gnoll.
You kill the gnoll!
The gnoll is no longer moving quickly.
The gnoll bouda barks out a call to the hunt!
The gnoll picks up the pace!
You closely miss the gnoll bouda. You block the gnoll bouda's attack.
It was a potion of brilliance.
You feel clever all of a sudden.
Your attacks no longer feel as feeble.
The gnoll bouda closely misses you.
It was a potion of degeneration.
There was something very wrong with that liquid.
You feel weakened.
You feel dopey.
You feel clumsy.
The gnoll bouda hits you with a +0 club!
You die...

###...##.#.###.##
.# .....#
#..>...... #
###..####..###.##
..........# .#
###..####..# .#
#..# .# # #..# .#
...####..###.#
.........gg@.#
.........#####
..########


You could see a gnoll bouda and a gnoll (swift).

Vanquished Creatures
  4 adders
  2 gnolls (D:4)
  2 orcs
  2 endoplasms
  2 giant cockroaches
  3 goblins
  3 hobgoblins
  3 kobolds
  A quokka (D:1)
  2 ball pythons
  4 bats
  A frilled lizard (D:3)
  2 rats (D:2)
31 creatures vanquished.

Notes
Turn   | Place    | Note
-------+----------+-------------------------------------------
     0 | D:1      | AstroCodex24 the Vampire Fighter began the quest for the
                  | Orb.
     0 | D:1      | Reached XP level 1. HP: 17/17 MP: 1/1
   246 | D:2      | Reached XP level 2. HP: 23/23 MP: 2/2
   422 | D:2      | Gained mutation: You are afflicted with vampirism and can
                  | become a bat while bloodless. [Vampire growth]
   422 | D:2      | Reached XP level 3. HP: 29/29 MP: 3/3
   616 | D:3      | Found an opulent altar of Gozag.
   713 | D:4      | Found a hide-covered altar of Uskayaw.
   752 | D:4      | Reached XP level 4. HP: 35/35 MP: 4/4
   759 | D:4      | Found a staircase to the Ecumenical Temple.
   790 | D:4      | Slain by a gnoll bouda

Illustrated notes

Levels and vault maps discovered:
D:1:      erik_arrival_cave_to_civilisation [erik_arrival_cave_to_hall],
          layout_loops_ring
D:2:      layout_loops_ring, basic_altar, minmay_surrounded
D:3:      layout_rooms, elyvilon_altar_5, nicolae_gozag_seed_capital
D:4:      nicolae_BIG_FREAKIN_CUBE, layout_loops_ring,
          nicolae_uskayaw_dance_hall

Skill      XL: |  1  2 |
---------------+-------+-----
Shields        | 3 |  3.2
Axes           | 2 |  2.7
Fighting       | 3 |  3.1
Armour         | |  2.9
Dodging        | |  0.4

Action                     |  1- 3 |  4- 6 || total
---------------------------+-------+-------++-------
  Melee: War axe           |    74 |    12 ||    86
         Bite              |     5 |     4 ||     9
    Use: Potion            |       |     2 ||     2
 Armour: Scale mail        |    70 |    11 ||    81
  Dodge: Dodged            |    55 |     6 ||    61
  Block: Buckler           |    26 |     4 ||    30

Table legend: (Time is in decaauts)
 A = Elapsed time spent in this place.
 B = Non-inter-level travel time spent in this place.
 C = Inter-level travel time spent in this place.
 D = Time resting spent in this place.
 E = Time spent auto-exploring this place.
 F = Levels seen in this place.
 G = Mean time per level.
                   A        B        C        D        E       F      G
               +--------+--------+--------+--------+--------+-----+--------+
         Total |    827 |    769 |     58 |      0 |      0 |   4 |  206.8 |
       Dungeon |    827 |    769 |     58 |      0 |      0 |   4 |  206.8 |
               +--------+--------+--------+--------+--------+-----+--------+

Top non-repeatable levels by time:
     D:2: 245 daAuts
     D:1: 242 daAuts
     D:3: 214 daAuts
     D:4: 125 daAuts
